 Dungeon Sprint DCSS version 0.30-a0-297-g0ec75d9ef4 (webtiles) character file.

Game seed: 15321275473191422768

8462 Iusername the Tortoise (level 11, 0/114 HPs)
             Began as a Minotaur Fighter on Oct 18, 2022.
             Was a High Priest of Trog.
             Slain by a fire elemental (6 damage)
             ... in the Dungeon (Sprint V: "Ziggurat Sprint").
             The game lasted 00:11:11 (1336 turns).

Iusername the Tortoise (Minotaur Fighter)           Turns: 1336, Time: 00:11:11

Health: 0/114      AC: 33    Str: 32    XL:     11   Next: 10%
Magic:  10/10      EV: 11    Int:  5    God:    Trog [*****.]
Gold:   0          SH:  0    Dex: 15    Spells: 10/10 levels left

rFire   + . .      SeeInvis .    c - +10 dark maul {vorpal}
rCold   + . .      Faith    .    (shield currently unavailable)
rNeg    . . .      Spirit   .    E - +15 Maxwell's patent armour {-Cast -Tele rElec Will+ rCorr}
rPois   +          Reflect  .    (helmet restricted)
rElec   +          Harm     .    (no cloak)
rCorr   +          Rampage  .    (no gloves)
Will    +....      NoTele   +    (no boots)
Stlth   .......... NoCast   +    (no amulet)
HPRegen 0.39/turn                B - +6 ring of strength
MPRegen 0.12/turn                w - +6 ring of dexterity

@: resistant, on berserk cooldown, slowed, very slow
A: horns 2, retaliatory headbutt
a: Renounce Religion, Berserk, Trog's Hand, Brothers in Arms


You were in the Dungeon.
You worshipped Trog.
Trog was extremely pleased with you.
You visited 1 branch

Inventory:

Hand Weapons
 a - a +0 war axe
 c - the +10 dark maul (weapon) {vorpal}
   (You found it in the Dungeon)

   It inflicts extra damage upon your enemies.
 F - a +5 executioner's axe
Armour
 b - a +0 scale mail
 E - the +15 Maxwell's patent armour (worn) {-Cast -Tele rElec Will+ rCorr}
   (You found it in the Dungeon)

   rElec:     It insulates you from electricity.
   -Cast:     It prevents spellcasting.
   -Tele:     It prevents most forms of teleportation.
   rCorr:     It protects you from acid and corrosion.
   Will:      It increases your willpower.
Jewellery
 v - a ring of flight
 w - a +6 ring of dexterity (right hand)
 x - a +6 ring of dexterity
 y - a +6 ring of intelligence
 z - a +6 ring of intelligence
 A - a +6 ring of strength
 B - a +6 ring of strength (left hand)
 G - a ring of see invisible
 J - an amulet of guardian spirit
 K - a +4 ring of protection
 L - the ring of the Ego {+Blink Dex+6}
   (You found it in the Dungeon)

   [ring of dexterity]

   Dex:       It affects your dexterity (+6).
   +Blink:    It lets you blink.
Wands
 t - a wand of mindburst (7)
 u - a wand of light (7)
Scrolls
 j - 4 scrolls of blinking
 o - 2 scrolls of brand weapon
 p - 4 scrolls of amnesia
 q - 7 scrolls of fog
 r - 5 scrolls of identify
 s - a scroll of fear
 D - 8 scrolls of enchant armour
Potions
 d - 8 potions of might
 e - 6 potions of curing
 g - 5 potions of haste
 h - 7 potions of magic
 i - 2 potions of berserk rage
 l - 2 potions of brilliance
 m - 2 potions of invisibility
 n - 3 potions of resistance
Miscellaneous
 k - a phial of floods
 C - a lightning rod (4/4) (quivered)
 H - a box of beasts


   Skills:
 + Level 16.2 Fighting
 + Level 6.4(12.8) Axes
 + Level 17.1(17.5) Maces & Flails
 + Level 18.8 Armour
 + Level 5.9 Dodging
 + Level 0.1 Stealth
 + Level 9.8 Shields
 + Level 0.1 Evocations


You had 10 spell levels left.
You didn't know any spells.
Your spell library was empty.

Dungeon Overview and Level Annotations

Branches:
Dungeon (1/1)

Altars:
Ashenzari
Cheibriados
Dithmenos
Elyvilon
Fedhas
Gozag
Hepliaklqana
Kikubaaqudgha
Makhleb
Nemelex Xobeh
Okawaru
Qazlal
Ru
Sif Muna
Trog
Uskayaw
Vehumet
Wu Jian
Xom
Yredelemnul
Zin
The Shining One
Jiyva
Lugonu


Innate Abilities, Weirdness & Mutations

You have a pair of horns on your head.
You reflexively headbutt those who attack you in melee.


Message History

The deep elf archer gestures wildly while chanting.
The deep elf archer blinks!
The deep elf pyromancer hits you but does no damage.
The fire elemental barely misses you. The fire elemental hits you.
The fire elemental burns you! You resist.
* * * LOW HITPOINT WARNING * * *
The +2 vorpal battleaxe hits you.
* * * LOW HITPOINT WARNING * * *
x2 The deep elf high priest prays to its god.
The deep elf high priest begins emitting a brilliant aura!
The deep elf pyromancer is empowered by the deep elf high priest's aura!
The deep elf pyromancer mumbles some strange words.
The deep elf pyromancer blinks!
The fire elemental hits you.
* * * LOW HITPOINT WARNING * * *
The fire elemental burns you! You resist.
* * * LOW HITPOINT WARNING * * *
The deep elf pyromancer gestures wildly while chanting.
The deep elf pyromancer blinks!
The fire elemental barely misses you. The +2 vorpal battleaxe hits you!
* * * LOW HITPOINT WARNING * * *
x2 Unknown command.
You feel better. The fire elemental hits you. The fire elemental burns you!
You resist.
* * * LOW HITPOINT WARNING * * *
The fire elemental misses you.
The deep elf high priest is no longer giving off an aura.
The +2 vorpal battleaxe hits you.
* * * LOW HITPOINT WARNING * * *
x2 The fire elemental hits you.
The fire elemental burns you! You resist.
* * * LOW HITPOINT WARNING * * *
The fire elemental hits you. The fire elemental burns you! You resist.
* * * LOW HITPOINT WARNING * * *
The +2 vorpal battleaxe hits you!
* * * LOW HITPOINT WARNING * * *
x2 Unknown command.
Okay, then.
Your two-headed ogre goes berserk!
The fire elemental closely misses you. The fire elemental hits you.
The fire elemental burns you! You resist.
You die...

▓..:=:|?..▓
▓...})[§..▓
▓.....○...▓
▓......○..▓
▓......§○.▓
▓..e§§OE§.▓
▓.▓..)e(▓.▓
▓....°EE@E▓
▓▓▓▓▓▓▓▓▓▓▓


You could see a deep elf high priest (ally target), 4 fire elementals, a +2
vorpal battleaxe and a friendly two-headed ogre (summoned, berserk).

Vanquished Creatures
  A deep elf high priest (D)
  A vault guard (D)
  A dancing weapon (D)
  A wizard (D)
  A cane toad (D)
  4 merfolk (D)
  2 tarantellas (D)
  A wind drake (D)
  2 jumping spiders (D)
  A yak (D)
  A ynoxinul (D)
  A chaos spawn (D)
  3 wolves (D)
  3 centaurs (D)
  3 bullfrogs (D)
  7 scorpions (D)
  An iron imp (D)
  2 orc wizards (D)
  2 river rats (D)
  A white imp (D)
  An orc (D)
  2 jackals (D)
42 creatures vanquished.

Vanquished Creatures (collateral kills)
  A vault warden (D)
  2 vault guards (D)
  A centaur warrior (D)
  A yaktaur (D)
5 creatures vanquished.

Grand Total: 47 creatures vanquished

Notes
Turn   | Place    | Note
-------+----------+-------------------------------------------
     0 | D        | Iusername the Minotaur Fighter began the quest for the Orb.
     0 | D        | Reached XP level 1. HP: 19/19 MP: 0/0
    19 | D        | Found a shimmering blue altar of Sif Muna.
    19 | D        | Found a bloodstained altar of Trog.
    19 | D        | Found a sacrificial altar of Ru.
    19 | D        | Found a stormy altar of Qazlal.
    19 | D        | Found an iron altar of Okawaru.
    20 | D        | Found a sparkling altar of Nemelex Xobeh.
    20 | D        | Found a blossoming altar of Fedhas.
    20 | D        | Found the +6 Majin-Bo {vamp, MP+6 Int+6}
    20 | D        | Found the +9 heavy crossbow "Sniper" {vorpal, Acc+∞ SInv}
    20 | D        | Found the +10 dark maul {vorpal}
    20 | D        | Found the +15 Maxwell's patent armour {-Cast -Tele rElec
                  | Will+ rCorr}
    20 | D        | Found the +18 shield of the Gong {rElec rN+ Will+ EV-5}
    20 | D        | Found the +14 obsidian axe {vorpal, Mesm Drain Fly SInv}
    20 | D        | Found the +7 great mace "Firestarter" {inner flame, rF++}
    20 | D        | Found the +6 shillelagh "Devastator" {shatter}
    20 | D        | Found the +11 plutonium sword {Contam Stlth-}
    20 | D        | Found the +8 lance "Wyrmbane" {slay drac, rPois rF+ rC+
                  | AC+3}
    20 | D        | Found the +9 sword of Zonguldrok {reap}
    20 | D        | Found the +13 scythe of Curses {drain, Drain}
    20 | D        | Found the +5 sword of Power {vorpal}
    20 | D        | Found the +7 mace of Variability {chain chaos}
    20 | D        | Found the +7 Singing Sword {vorpal, sonic wave}
    20 | D        | Found the +8 storm bow {elec, penet}
    22 | D        | Found a transporter.
    22 | D        | Found an ancient bone altar of Kikubaaqudgha.
    22 | D        | Found a viscous altar of Jiyva.
    22 | D        | Found a corrupted altar of Lugonu.
    22 | D        | Found a hazy altar of Hepliaklqana.
    22 | D        | Found a burning altar of Makhleb.
    22 | D        | Found an opulent altar of Gozag.
   155 | D        | Reached skill level 5 in Armour
   155 | D        | Reached skill level 5 in Shields
   155 | D        | Reached XP level 2. HP: 31/31 MP: 1/1
   182 | D        | Became a worshipper of Trog the Wrathful
   201 | D        | Entered arena 2.
   201 | D        | Noticed a scorpion
   201 | D        | Noticed a scorpion
   201 | D        | Found a transporter.
   203 | D        | Killed a scorpion
   204 | D        | Reached skill level 5 in Axes
   204 | D        | Reached skill level 6 in Armour
   204 | D        | Reached XP level 3. HP: 40/40 MP: 2/2
   204 | D        | Killed a scorpion
   205 | D        | Reached skill level 1 in Maces & Flails
   205 | D        | Reached skill level 7 in Armour
   205 | D        | Reached XP level 4. HP: 49/49 MP: 3/3
   213 | D        | Entered arena 3.
   213 | D        | Found a transporter.
   216 | D        | Reached * piety under Trog
   218 | D        | Reached XP level 5. HP: 56/56 MP: 4/4
   220 | D        | Reached ** piety under Trog
   221 | D        | Reached skill level 8 in Armour
   231 | D        | Entered arena 4.
   231 | D        | Noticed a tarantella
   231 | D        | Noticed a jumping spider
   231 | D        | Noticed a tarantella
   231 | D        | Found a transporter.
   242 | D        | HP: 2/57 [jumping spider (5)]
   249 | D        | Killed a tarantella
   250 | D        | Reached skill level 10 in Fighting
   250 | D        | Reached skill level 10 in Armour
   250 | D        | Reached skill level 1 in Dodging
   250 | D        | Reached XP level 6. HP: 10/67 MP: 5/5
   258 | D        | Killed a tarantella
   259 | D        | Reached skill level 11 in Armour
   259 | D        | Reached XP level 7. HP: 17/74 MP: 6/6
   265 | D        | Killed a jumping spider
   265 | D        | Reached *** piety under Trog
   521 | D        | Entered arena 5.
   521 | D        | Noticed a chaos spawn
   521 | D        | Noticed a ynoxinul
   521 | D        | Found a transporter.
   525 | D        | Killed a chaos spawn
   526 | D        | Reached skill level 12 in Armour
   526 | D        | Killed a ynoxinul
   527 | D        | Reached XP level 8. HP: 83/83 MP: 7/7
   527 | D        | Reached **** piety under Trog
   542 | D        | Entered arena 6.
   542 | D        | Found the dreamshard necklace {*Dream Drain}
   542 | D        | Noticed a jumping spider
   542 | D        | Found a transporter.
   545 | D        | Killed a jumping spider
   547 | D        | Reached skill level 13 in Armour
   569 | D        | Entered arena 7.
   570 | D        | Found a transporter.
   572 | D        | Reached ***** piety under Trog
   574 | D        | Identified the +6 flail of Ojyr Hoe {antimagic, Str+4 Dex+3
                  | SInv Stlth+} (Trog gifted it to you in the Dungeon)
   574 | D        | Received a gift from Trog
   588 | D        | Entered arena 8.
   588 | D        | Noticed a cane toad
   589 | D        | Found a transporter.
   596 | D        | Reached skill level 10 in Maces & Flails
   596 | D        | Reached skill level 14 in Armour
   596 | D        | Killed a cane toad
   597 | D        | Reached XP level 9. HP: 32/93 MP: 8/8
   897 | D        | Entered arena 9.
   897 | D        | Noticed a vault guard
   897 | D        | Noticed a wizard
   897 | D        | Noticed a vault guard
   897 | D        | Noticed a vault warden
   897 | D        | Noticed a centaur warrior
   897 | D        | Noticed a vault guard
   897 | D        | Noticed a yaktaur
   901 | D        | Killed a vault guard
   902 | D        | Reached skill level 15 in Armour
   902 | D        | Found a transporter.
   903 | D        | Killed a vault warden
   904 | D        | Reached skill level 16 in Armour
   904 | D        | Reached XP level 10. HP: 104/104 MP: 9/9
   905 | D        | Killed a wizard
   905 | D        | Killed a vault guard
   906 | D        | Reached skill level 17 in Armour
   906 | D        | Reached skill level 5 in Dodging
   906 | D        | Killed a vault guard
   907 | D        | Reached skill level 15 in Fighting
   907 | D        | Reached skill level 15 in Maces & Flails
   907 | D        | Killed a centaur warrior
   914 | D        | Got the ring of the Ego {+Blink Dex+6}
   927 | D        | Entered arena 10.
   928 | D        | Found a transporter.
   932 | D        | Received a gift from Trog
   934 | D        | Reached skill level 18 in Armour
  1318 | D        | Entered arena 11.
  1318 | D        | Noticed a deep elf high priest
  1318 | D        | Noticed a deep elf pyromancer
  1318 | D        | Noticed a deep elf high priest
  1318 | D        | Noticed a deep elf pyromancer
  1318 | D        | Noticed a +2 long sword of holy wrath
  1318 | D        | Noticed a deep elf archer
  1318 | D        | Noticed a +2 vorpal battleaxe
  1318 | D        | Noticed a deep elf pyromancer
  1324 | D        | Killed a +2 long sword of holy wrath
  1325 | D        | Reached XP level 11. HP: 109/114 MP: 10/10
  1325 | D        | Killed a deep elf high priest
  1330 | D        | HP: 5/114 [deep elf archer/arrow (11)]
  1336 | D        | Slain by a fire elemental

Illustrated notes

Levels and vault maps discovered:
D:        sprint_v [room_start, room_1, room_2, room_3, room_4, room_5, room_6,
          room_7, room_8, room_9, room_10, room_11, room_12, room_13, room_14,
          room_15, room_16, room_17, room_18, room_19, room_20, room_21,
          room_22, room_23, room_24, room_25, room_26, room_27]

Skill      XL: |  1  2  3  4  5  6  7  8  9 10 11 |
---------------+----------------------------------+-----
Fighting       | 6 7 8 10 11 12 13 14 16 | 16.2
Axes           | 4 5 6 |  6.4
Armour         | 5 6 7 10 11 12 14 16 18 | 18.8
Shields        | 5 6 7 8 9 |  9.8
Maces & Flails | 1 4 6 7 10 13 16 17 | 17.1
Dodging        | 1 2 3 4 5 |  5.9
Stealth        | |  0.1
Evocations     | |  0.1

Action                   |  1- 3 |  4- 6 |  7- 9 | 10-12 || total
-------------------------+-------+-------+-------+-------++-------
Melee: Maul              |     2 |    10 |    21 |    20 ||    53
       Headbutt          |       |     1 |     2 |     1 ||     4
Invok: Trog's Hand       |       |       |     2 |     2 ||     4
       Berserk           |       |       |     2 |     1 ||     3
       Brothers in Arms  |       |       |     3 |     1 ||     4
Evoke: Box of beasts     |       |       |       |     1 ||     1
  Use: Potion            |     1 |    11 |     1 |     6 ||    19
       Scroll            |       |       |       |     1 ||     1
Armor: Plate armour      |     5 |    99 |   101 |   105 ||   310
Dodge: Dodged            |     2 |    44 |    63 |    63 ||   172

Table legend: (Time is in decaauts)
 A = Elapsed time spent in this place.
 B = Non-inter-level travel time spent in this place.
 C = Inter-level travel time spent in this place.
 D = Time resting spent in this place.
 E = Time spent auto-exploring this place.
 F = Levels seen in this place.
 G = Mean time per level.
                   A        B        C        D        E       F      G
               +--------+--------+--------+--------+--------+-----+--------+
         Total |   1416 |   1412 |      4 |    876 |      2 |   1 | 1416.0 |
       Dungeon |   1416 |   1412 |      4 |    876 |      2 |   1 | 1416.0 |
               +--------+--------+--------+--------+--------+-----+--------+

Top non-repeatable levels by time:
       D: 1416 daAuts
